 Dungeon Crawl Stone Soup version 0.29.0-10-g45618ea6d2 (webtiles) character file.

Game seed: 11771343434768432678

43 Arcadio the Chiller (level 3, -8/28 HPs)
             Began as a Naga Ice Elementalist on Sept 1, 2022.
             Mangled by Sigmund
             ... wielding a +0 scythe
              (11 damage)
             ... on level 2 of the Dungeon.
             The game lasted 00:02:48 (2541 turns).

Arcadio the Chiller (Naga Ice Elementalist)         Turns: 2541, Time: 00:02:50

Health: -8/28      AC:  2    Str: 10    XL:     3   Next: 58%
Magic:  3/6        EV:  9    Int: 17    God:
Gold:   135        SH:  0    Dex: 11    Spells: 6/7 levels left

rFire   . . .      SeeInvis +   c - +1 dagger
rCold   . . .      Faith    .   (no shield)
rNeg    . . .      Spirit   .   a - +0 robe
rPois   +          Reflect  .   (no helmet)
rElec   .          Harm     .   (no cloak)
rCorr   .          Rampage  .   (no gloves)
Will    .....                   (no barding)
Stlth   ++........              (no amulet)
HPRegen 0.09/turn               (no ring)
MPRegen 0.10/turn               (no ring)

@: very slow
A: AC +1, large, see invisible, deformed body, poison resistance, slowness 2,
spit poison 1, naga tail 1
a: Spit Poison


You were on level 2 of the Dungeon.
You visited 1 branch of the dungeon, and saw 2 of its levels.

You collected 135 gold pieces.

Inventory:

Hand Weapons
 c - a +1 dagger (weapon)
Armour
 a - a +0 robe (worn)
 h - a +0 leather armour
Scrolls
 k - a scroll of noise {unknown}
 l - a scroll of identify {unknown}
Potions
 b - a potion of magic
 d - 3 potions of flight {unknown}
 e - a potion of attraction {unknown}
 j - 3 potions of curing {unknown}


   Skills:
 - Level 1.5 Dodging
 + Level 4.3 Stealth
 + Level 2.6 Spellcasting
 + Level 4.4 Ice Magic


You had 6 spell levels left.
You knew the following spells:

 Your Spells              Type           Power      Damage    Failure   Level
a - Freeze                Ice            68%        1d8       3%          1

Your spell library contained the following spells:

 Spells                   Type           Power      Damage    Failure   Level
 Frozen Ramparts          Ice            34%        1d6       9%          3
 Ozocubu's Armour         Ice            17%        N/A       9%          3
 Inner Flame              Hex/Fire       2%         N/A       50%         3
 Hailstorm                Conj/Ice       9%         3d4       58%         4
 Cause Fear               Hex            1%         N/A       88%         4
 Discord                  Hex            1%         N/A       100%        8


Dungeon Overview and Level Annotations

Branches:
Dungeon (2/15) Zot: 9046

Altars:

Annotations:
D:2 Sigmund


Innate Abilities, Weirdness & Mutations

Your serpentine skin is tough. (AC +1)
You have supernaturally acute eyesight. (SInv)
Armour fits poorly on your strangely shaped body.
Your system is resistant to poisons. (rPois)
You cover ground very slowly.
You can spit poison.
You have a snake-like lower body.


Message History

Confirm with . or Enter, or press ? or * to list all spells.
Aiming: Freeze (safe; 3% risk of failure)
Press: ? - help, Shift-Dir - straight line, f - hobgoblin
Aim: a hobgoblin You freeze the hobgoblin.
The hobgoblin is lightly wounded.
The hobgoblin hits you.
Casting: Freeze (safe; 3% risk of failure)
Confirm with . or Enter, or press ? or * to list all spells.
Aiming: Freeze (safe; 3% risk of failure)
Press: ? - help, Shift-Dir - straight line, f/p - hobgoblin
Aim: a hobgoblin (lightly wounded)
You freeze the hobgoblin.
The hobgoblin is moderately wounded.
Sigmund hits you from afar with a +0 scythe!
A kobold comes into view. It is wielding a +0 dagger of flaming.
The hobgoblin hits you.
Unknown command.
Okay, then.
As you read the scroll labelled JINLUWAXKE, it crumbles to dust.
The creatures around you are filled with an inner flame!
It was a scroll of immolation.
The hobgoblin barely misses you.
Casting: Freeze (safe; 3% risk of failure)
Confirm with . or Enter, or press ? or * to list all spells.
Okay, then.
As you read the scroll labelled POYCOCWUMA, it crumbles to dust.
It is a scroll of enchant weapon.
Your +0 dagger glows red for a moment.
Sigmund hits you from afar with a +0 scythe.
* * * LOW HITPOINT WARNING * * *
The hobgoblin hits you.
* * * LOW HITPOINT WARNING * * *
As you read the scroll labelled KUCWAE FI LETI, it crumbles to dust.
You feel a surge of unholy energy.
The hobgoblin convulses!
Flame seeps out of the hobgoblin.
Sigmund convulses!
Flame seeps out of Sigmund.
The kobold convulses!
Flame seeps out of the kobold.
It was a scroll of torment.
Sigmund is engulfed in blazing flames.
Flame seeps out of Sigmund.
Sigmund hits you from afar with a +0 scythe!
You die...

##################
#.........†.......
#.########........
#>.......'........
#.
#.########........
#. #.# #........
#.. #.# #........
#.. #@# #........
#... #g# #........
#...##@#####
#########
#..........#
#..........#
.............#
#####....K...#
#........#
#........#


You could see Sigmund (inner flame, invisible), a hobgoblin (inner flame) and a
kobold (inner flame).

Vanquished Creatures
  An adder (D:2)
  3 dart slugs (D:1)
  A bat (D:2)
  4 endoplasms
  2 giant cockroaches
  4 goblins
  3 hobgoblins
  2 frilled lizards (D:2)
  A kobold (D:2)
  6 rats
27 creatures vanquished.

Notes
Turn   | Place    | Note
-------+----------+-------------------------------------------
     0 | D:1      | Arcadio the Naga Ice Elementalist began the quest for the
                  | Orb.
     0 | D:1      | Reached XP level 1. HP: 15/15 MP: 3/3
   498 | D:1      | Reached XP level 2. HP: 15/22 MP: 5/5
  1629 | D:2      | Reached XP level 3. HP: 12/28 MP: 1/6
  2528 | D:2      | Noticed Sigmund
  2541 | D:2      | Mangled by Sigmund

Illustrated notes

Levels and vault maps discovered:
D:1:      amcnicky_arrival_underground_garden, layout_loops_ring,
          chequers_serial_rivers_micro_a
D:2:      layout_basic, uniq_sigmund

Skill      XL: |  1  2 |
---------------+-------+-----
Stealth        | 4 |  4.3
Dodging        | |  1.5
Spellcasting   | |  2.6
Ice Magic      | |  4.4

Action                   || total
-------------------------++-------
Melee: Dagger            ||    60
       Punch             ||     1
 Cast: Freeze            ||    17
 Abil: Spit Poison       ||     1
  Use: Scroll            ||     3
 Stab: Sleeping          ||     9
Armor: Robe              ||    11
Dodge: Dodged            ||    30
